[Event "Titled Tuesday Blitz March 22 Late 2022"]
[White "Arabidze, Meri"]
[Black "Baches Garcia, Guillermo"]
[WhiteFideId "13604040"]
[BlackFideId "2209764"]
[WhiteElo "2335"]
[BlackElo "2485"]
[Result "1/2-1/2"]
[Round "07"]
[TimeControl "180+1"]
[Date "2022.03.22"]
[WhiteClock "0:00:12"]
[BlackClock "0:00:11"]

1. Nf3 c5 2. g3 Nc6 3. Bg2 e5 4. O-O g6 5. d3 Bg7 6. c4 Nge7 7. Nc3 O-O 8. Bg5 f6 9. Bd2 d6 10. Ne1 Be6 11. Nc2 d5 12. cxd5 Nxd5 13. Ne3 Nde7 14. a3 Qd7 15. Ne4 b6 16. b4 cxb4 17. axb4 Rad8 18. Qa4 Nd4 19. Nc3 Nb3 20. Qxd7 Rxd7 21. Rad1 Nxd2 22. Rxd2 Rc8 23. Nb5 Bc4 24. Na3 Ba6 25. b5 Bb7 26. Bxb7 Rxb7 27. Nac4 Rd8 28. Ra2 Bh6 29. Rfa1 Rdd7 30. Ng4 Bg7 31. Kg2 h5 32. Nge3 f5 33. Rb1 e4 34. dxe4 fxe4 35. Nc2 Nd5 36. Ra3 Rbc7 37. N2e3 Ne7 38. Ra4 Nf5 39. Nxf5 gxf5 40. e3 Rc5 41. Kh3 Rdc7 42. Nd6 Rd5 43. Ne8 Re7 44. Nxg7 Kxg7 45. Rb2 Red7 46. Kh4 Kg6 47. Rba2 Rxb5 48. Rxa7 Rxa7 49. Rxa7 Rb2 50. Rb7 Rxf2 51. Rxb6+ Kg7 52. h3 Rf3 53. Rb3 Kg6 54. Rb6+ Kg7 55. Rb5 Kg6 56. Rb6+ Kg7 1/2-1/2


[Site "https://www.chess.com"]

[Event "Titled Tuesday Blitz March 22 Late 2022"]
[White "Aravindh, Chithambaram VR."]
[Black "Grischuk, Alexander"]
[WhiteFideId "5072786"]
[BlackFideId "4126025"]
[WhiteElo "2561"]
[BlackElo "2762"]
[Result "1/2-1/2"]
[Round "07"]
[TimeControl "180+1"]
[Date "2022.03.22"]
[WhiteClock "0:00:06"]
[BlackClock "0:00:09"]

1. b3 e5 2. Bb2 Nc6 3. e3 d5 4. Bb5 Bd6 5. f4 f6 6. Nc3 a6 7. Bxc6+ bxc6 8. Nf3 e4 9. Nd4 Qd7 10. Qh5+ g6 11. Qh4 Bb7 12. f5 c5 13. Ne6 gxf5 14. Qh5+ Qf7 15. Ng7+ Kf8 16. Qxf7+ Kxf7 17. Nxf5 Ne7 18. O-O Rhf8 19. Na4 Ke6 20. Ng7+ Kd7 21. Ba3 c4 22. Nc5+ Bxc5 23. Bxc5 Rf7 24. Nh5 f5 25. Rf2 a5 26. Raf1 cxb3 27. axb3 a4 28. bxa4 Rxa4 29. Ng3 Ba6 30. Rc1 Bc8 31. h3 Ra5 32. Bb4 Rb5 33. Bxe7 Kxe7 34. Ne2 c5 35. Nc3 Rb7 36. Nxd5+ Kd6 37. Nc3 Be6 38. Ne2 Rg7 39. Kh2 Rb2 40. Nf4 Ra7 41. d3 exd3 42. Nxd3 Rb5 43. Rd1 Ke7 44. Nf4 Ra4 45. Rfd2 Re4 46. Nd5+ Bxd5 47. Rxd5 Rxe3 48. Rxf5 Re2 49. c4 Rbb2 50. Rg1 Kd6 51. Rd5+ Kc6 52. Rh5 Rbc2 53. Rh6+ Kc7 54. Rxh7+ Kd6 55. Rh4 Red2 56. Rg4 Rd4 57. Rg6+ Ke5 58. Rg5+ Kd6 59. Rf1 Rcxc4 60. Rf6+ Kc7 61. g4 Rd3 62. Rf2 Rcc3 63. Rh5 c4 64. g5 Rf3 65. Rxf3 Rxf3 66. g6 Rf8 67. Rc5+ Kd6 68. Rxc4 Ke5 69. Rg4 Kf6 70. Kg3 Kg7 71. Kh4 Rh8+ 72. Kg3 Rh6 73. h4 Rxg6 74. Rxg6+ Kxg6 75. Kg4 Kh6 76. h5 Kh7 77. h6 Kh8 78. h7 Kxh7 1/2-1/2


[Site "https://www.chess.com"]

[Event "Titled Tuesday Blitz March 22 Late 2022"]
[White "Artemiev, Vladislav"]
[Black "Tari, Aryan"]
[WhiteFideId "24101605"]
[BlackFideId "1510045"]
[WhiteElo "2811"]
[BlackElo "2567"]
[Result "1-0"]
[Round "07"]
[TimeControl "180+1"]
[Date "2022.03.22"]
[WhiteClock "0:00:02"]
[BlackClock "0:00:05"]

1. Nf3 Nf6 2. g3 c5 3. Bg2 Nc6 4. c4 d5 5. cxd5 Nxd5 6. d4 cxd4 7. Nxd4 Ndb4 8. Nxc6 Qxd1+ 9. Kxd1 Nxc6 10. Nc3 Bd7 11. Be3 g6 12. Ke1 Bg7 13. Rc1 Rc8 14. f4 O-O 15. Kf2 Rfd8 16. Rhd1 Be8 17. a3 a6 18. Rxd8 Rxd8 19. b4 e6 20. Bb6 Rc8 21. Ne4 Ne7 22. Rd1 Ba4 23. Rd2 Nd5 24. Bc5 b6 25. Bd4 Bxd4+ 26. Rxd4 Rc2 27. Rd2 Rc1 28. Nd6 Nc3 29. Bf3 b5 30. Ne4 Nd1+ 31. Kg2 Ne3+ 32. Kh3 Nc4 33. Rd8+ Kg7 34. Rd7 h6 35. Nc5 Nxa3 36. Nxe6+ Kf6 37. Nd8 Bb3 38. Rd6+ Kg7 39. Rxa6 Nc2 40. Rc6 Bc4 41. Rc7 Nxb4 42. Bg4 h5 43. Be6 1-0


[Site "https://www.chess.com"]

[Event "Titled Tuesday Blitz March 22 Late 2022"]
[White "Atanejhad, Sahebali"]
[Black "Golubev, Mikhail"]
[WhiteFideId "12506664"]
[BlackFideId "14100983"]
[WhiteElo "1977"]
[BlackElo "2374"]
[Result "1-0"]
[Round "07"]
[TimeControl "180+1"]
[Date "2022.03.22"]
[WhiteClock "0:00:04"]
[BlackClock "0:00:02"]

1. d4 Nf6 2. c4 g6 3. Nf3 Bg7 4. Nc3 O-O 5. e4 d6 6. Be2 e5 7. O-O Nc6 8. d5 Ne7 9. Ne1 Ne8 10. Be3 f5 11. f3 f4 12. Bf2 g5 13. c5 Ng6 14. a4 h5 15. a5 Rf7 16. cxd6 Nxd6 17. Rc1 Nf8 18. Na4 Bh6 19. Nc5 g4 20. fxg4 f3 21. gxf3 Bxc1 22. Qxc1 hxg4 23. Kh1 Ng6 24. Ne6 Bxe6 25. dxe6 Rg7 26. fxg4 Nf4 27. Bf3 Qe7 28. Nc2 Qxe6 29. Ne3 Nd3 30. Qd2 Nxf2+ 31. Qxf2 Qf6 32. Nf5 Nxf5 33. exf5 c6 34. h3 Rd8 35. Qxa7 e4 36. Bxe4 Qxb2 37. Bg2 Rd2 38. Qb8+ Kh7 39. Qg3 Qf6 40. Re1 Rgd7 41. Re6 Qg5 42. Rg6 Rd1+ 43. Kh2 Qe7 44. g5 R7d4 45. Rh6+ Kg8 46. Rg6+ Kh7 47. Re6 Qb4 48. g6+ Kg8 49. Re8+ Kg7 50. Qe5+ 1-0


[Site "https://www.chess.com"]

[Event "Titled Tuesday Blitz March 22 Late 2022"]
[White "Avazkhonov, Alikhon"]
[Black "Clawitter, Craig"]
[WhiteFideId "14208504"]
[BlackFideId "2023105"]
[WhiteElo "1739"]
[BlackElo "2214"]
[Result "0-1"]
[Round "07"]
[TimeControl "180+1"]
[Date "2022.03.22"]
[WhiteClock "0:00:04"]
[BlackClock "0:00:07"]

1. e4 e6 2. d4 d5 3. Nd2 Be7 4. e5 c5 5. c3 Nc6 6. Ngf3 Nh6 7. Bd3 cxd4 8. cxd4 Nf5 9. Bxf5 exf5 10. O-O O-O 11. a3 a5 12. b3 Be6 13. Bb2 Kh8 14. Ne1 f4 15. Nd3 g5 16. Qh5 Bf5 17. Nxf4 Rg8 18. Ne2 Rg6 19. Ng3 Bd3 20. Rfe1 Qf8 21. Qf3 Ba6 22. h3 g4 23. hxg4 Qg7 24. Nf5 Qg8 25. Rac1 Bg5 26. Ne3 Bxe3 27. fxe3 Rxg4 28. Qxd5 Qg6 29. Rf1 Bxf1 30. Rxf1 Rd8 31. Qf3 Rg3 32. Qf2 Ne7 33. e4 Rg8 0-1


[Site "https://www.chess.com"]

[Event "Titled Tuesday Blitz March 22 Late 2022"]
[White "Babazada, Khazar"]
[Black "Paszewski, Mateusz"]
[WhiteFideId "13413554"]
[BlackFideId "1141058"]
[WhiteElo "2418"]
[BlackElo "2102"]
[Result "1-0"]
[Round "07"]
[TimeControl "180+1"]
[Date "2022.03.22"]
[WhiteClock "0:01:02"]
[BlackClock "0:00:04"]

1. Nf3 d5 2. b3 Bf5 3. Bb2 e6 4. d3 h6 5. Nbd2 Nf6 6. g3 Be7 7. Bg2 O-O 8. O-O c6 9. Re1 Bh7 10. e4 a5 11. a3 Nbd7 12. Qe2 b5 13. Nd4 Qb6 14. e5 Ne8 15. f4 a4 16. Kh1 Nc7 17. b4 c5 18. bxc5 Bxc5 19. N2f3 b4 20. axb4 Bxb4 21. Reb1 Qc5 22. c3 Bxc3 23. Rc1 Bxd4 24. Rxc5 Bxc5 25. g4 a3 26. Bc1 Rfb8 27. Bh3 Nb5 28. f5 Rb6 29. g5 Bxf5 30. Bxf5 exf5 31. gxh6 g6 32. Ng5 Nf8 33. Qg2 Nc3 34. h4 a2 35. Qc2 d4 36. Kg2 Rb1 37. Bb2 Rxa1 38. Bxa1 Bb4 39. Qb3 1-0


[Site "https://www.chess.com"]

[Event "Titled Tuesday Blitz March 22 Late 2022"]
[White "Barp, Alberto"]
[Black "Kovanova, Baira"]
[WhiteFideId "872555"]
[BlackFideId "4164083"]
[WhiteElo "2229"]
[BlackElo "2190"]
[Result "0-1"]
[Round "07"]
[TimeControl "180+1"]
[Date "2022.03.22"]
[WhiteClock "0:00:10"]
[BlackClock "0:00:09"]

1. d4 Nf6 2. Bg5 d5 3. Bxf6 exf6 4. e3 Be6 5. Nd2 Nd7 6. c4 c6 7. Ne2 Bd6 8. cxd5 cxd5 9. Nc3 f5 10. g3 O-O 11. Bg2 Nf6 12. O-O Ne4 13. Rc1 Rc8 14. f3 Nxc3 15. Rxc3 Rxc3 16. bxc3 Qc8 17. Qb3 Qc7 18. Rc1 Rc8 19. f4 Rd8 20. Nf3 g6 21. Ne1 b6 22. Nd3 Rc8 23. Bxd5 Bxd5 24. Qxd5 Qe7 25. Kf2 Rd8 26. Qf3 h5 27. c4 h4 28. Rc2 Kg7 29. Kg2 Re8 30. Re2 Qc7 31. Rc2 Qe7 32. Kf2 Rh8 33. Kg1 Re8 34. Re2 Qc7 35. Qd5 Rd8 36. Qb5 Rc8 37. Rc2 Qe7 38. Kf2 Rh8 39. g4 fxg4 40. c5 g3+ 41. hxg3 hxg3+ 42. Kxg3 Qxe3+ 43. Kg2 Qe4+ 44. Kg3 Bxf4+ 45. Nxf4 Qxc2 46. Qd7 Qh2+ 47. Kf3 Qh1+ 48. Kg3 Qg1+ 49. Kf3 Qf1+ 50. Kg3 Qe1+ 51. Kf3 Rh1 52. Ne6+ Qxe6 53. Qb7 Rf1+ 54. Kg2 Qe2+ 55. Kg3 Rg1+ 56. Kf4 g5+ 57. Kf5 Qe6# 0-1


[Site "https://www.chess.com"]

[Event "Titled Tuesday Blitz March 22 Late 2022"]
[White "Bashirli, Nail"]
[Black "Dobrov, Vladimir"]
[WhiteFideId "13406809"]
[BlackFideId "4136594"]
[WhiteElo "2333"]
[BlackElo "2614"]
[Result "0-1"]
[Round "07"]
[TimeControl "180+1"]
[Date "2022.03.22"]
[WhiteClock "0:00:06"]
[BlackClock "0:01:44"]

1. e4 c5 2. Nf3 Nc6 3. d4 cxd4 4. Nxd4 Qb6 5. Nb3 Nf6 6. Nc3 e6 7. Be3 Qc7 8. Bd3 h5 9. h3 a6 10. Qe2 b5 11. O-O-O d6 12. f4 Bb7 13. f5 Ne5 14. fxe6 fxe6 15. Nd4 Qd7 16. Rhf1 Rc8 17. Bg5 Be7 18. Nf3 Nf7 19. Qe3 Qc7 20. Nd4 Qd7 21. Nf3 Rc5 22. e5 Bxf3 23. Qxf3 Nxe5 24. Qe3 Nfg4 25. Qxc5 Bxg5+ 0-1


[Site "https://www.chess.com"]

[Event "Titled Tuesday Blitz March 22 Late 2022"]
[White "Bluebaum, Matthias"]
[Black "Mikhailov, Viacheslav"]
[WhiteFideId "24651516"]
[BlackFideId "4187369"]
[WhiteElo "2550"]
[BlackElo "2381"]
[Result "1-0"]
[Round "07"]
[TimeControl "180+1"]
[Date "2022.03.22"]
[WhiteClock "0:00:33"]
[BlackClock "0:00:14"]

1. b3 Nf6 2. Bb2 g6 3. Nf3 Bg7 4. g3 O-O 5. Bg2 d6 6. d4 c5 7. O-O Nc6 8. c4 cxd4 9. Nxd4 Bd7 10. Nc2 Rc8 11. Nc3 a6 12. Rc1 Qa5 13. Qd2 Qh5 14. Ne3 Bh3 15. Bf3 Qa5 16. Rfd1 Bh6 17. Bxc6 bxc6 18. Ncd5 Qxd2 19. Nxe7+ Kg7 20. Rxd2 Rce8 21. Rxd6 Bg5 22. Nxc6 Rxe3 23. Bxf6+ Bxf6 24. fxe3 Bg5 25. Kf2 Re8 26. Rc3 h5 27. c5 h4 28. Nd4 hxg3+ 29. hxg3 Bg4 30. c6 Rh8 31. c7 Be7 32. Re6 fxe6 33. c8=Q Rxc8 34. Rxc8 e5 35. Rc7 Kf8 36. Nf3 e4 37. Ne5 Bd6 38. Nxg6+ Ke8 39. Ra7 Bc8 40. Nf4 Bc5 41. Rc7 1-0


[Site "https://www.chess.com"]

[Event "Titled Tuesday Blitz March 22 Late 2022"]
[White "Borodavkin, Anatoly"]
[Black "P., Komal Kishore"]
[WhiteFideId "14150662"]
[BlackFideId "5016703"]
[WhiteElo "1845"]
[BlackElo "2073"]
[Result "0-1"]
[Round "07"]
[TimeControl "180+1"]
[Date "2022.03.22"]
[WhiteClock "0:00:01"]
[BlackClock "0:00:02"]

1. e4 c6 2. d4 d5 3. exd5 cxd5 4. Bd3 Nc6 5. c3 Nf6 6. Ne2 Bg4 7. O-O e6 8. Qe1 Bd6 9. h3 Bh5 10. Nf4 Bxf4 11. Bxf4 Bg6 12. Qe2 Qb6 13. Re1 Bxd3 14. Qxd3 Qxb2 15. Nd2 Qa3 16. Nf3 O-O 17. Ne5 Nxe5 18. dxe5 Ne4 19. Rec1 Qb2 20. f3 Qf2+ 21. Kh2 Nc5 22. Qd1 b5 23. Rc2 Qh4 24. Bg3 Qe7 25. Qd4 Rfc8 26. Rb1 Rab8 27. Bh4 Qc7 28. f4 Ne4 29. Qd1 Nxc3 30. Qg4 Qc5 31. Bf6 g6 32. Rxc3 Qxc3 33. Qh4 Qc5 34. Be7 Qc2 35. Qh6 f5 36. Bf6 Rb7 37. Rg1 Qf2 38. h4 d4 39. h5 d3 40. hxg6 hxg6 41. Qxg6+ Kf8 42. Qh6+ Ke8 43. Qh8+ Kd7 44. Qh7+ Kc6 45. Qh6 Kd5 0-1


[Site "https://www.chess.com"]

[Event "Titled Tuesday Blitz March 22 Late 2022"]
[White "Boyer, Mahel"]
[Black "Maghsoodloo, Parham"]
[WhiteFideId "45102422"]
[BlackFideId "12539929"]
[WhiteElo "2328"]
[BlackElo "2630"]
[Result "0-1"]
[Round "07"]
[TimeControl "180+1"]
[Date "2022.03.22"]
[WhiteClock "0:00:01"]
[BlackClock "0:00:09"]

1. e4 e6 2. d3 d5 3. c3 dxe4 4. dxe4 Qxd1+ 5. Kxd1 e5 6. Nd2 Bc5 7. f3 f6 8. b4 Bf8 9. Nc4 Be6 10. Kc2 Nd7 11. a4 h5 12. Be3 g6 13. Na5 b6 14. Bc4 Bxc4 15. Nxc4 Bh6 16. Bf2 Ne7 17. Ne2 a6 18. Rhd1 O-O-O 19. b5 a5 20. Rd3 Nb8 21. Rad1 Rxd3 22. Rxd3 Nd7 23. Nb2 Bf8 24. Rd1 Ng8 25. Nd3 Nh6 26. c4 Nf7 27. Nc3 Nd8 28. c5 bxc5 29. Nb2 Nb6 30. Nd5 Nxd5 31. Rxd5 Nb7 32. Nd3 Bd6 33. Nxc5 Bxc5 34. Bxc5 Re8 35. Ba3 Re6 36. Rd3 Nd8 37. Kc3 Re8 38. Kc4 Ne6 39. Bc5 h4 40. Be3 f5 41. Bd2 Kb7 42. Bxa5 Ra8 43. Kb4 Nd4 44. Rc3 c6 45. h3 fxe4 46. fxe4 g5 47. Rc5 Re8 48. bxc6+ Nxc6+ 49. Kc4 Ra8 50. Bc3 Rxa4+ 51. Kb5 Ra6 52. Kc4 Ra2 53. Rb5+ Ka6 54. Rc5 Kb6 55. Kd5 Ne7+ 56. Kd6 Ng6 57. Bxe5 Rxg2 58. Bf6 g4 59. hxg4 h3 60. Rh5 h2 61. Be5 Rd2+ 62. Ke6 Nxe5 63. Kxe5 Kc6 64. Rh6+ Kd7 65. g5 Ke7 66. Rh7+ Kf8 67. Kf6 Kg8 68. g6 Rf2+ 69. Ke6 Rg2 70. Rh6 Kg7 71. Rh3 Rxg6+ 72. Kf5 Rh6 73. Rxh2 Rxh2 0-1


[Site "https://www.chess.com"]

[Event "Titled Tuesday Blitz March 22 Late 2022"]
[White "Bryakin, Mikhail"]
[Black "Reprintsev, Alexander"]
[WhiteFideId "4165314"]
[BlackFideId "14100541"]
[WhiteElo "2417"]
[BlackElo "2108"]
[Result "1-0"]
[Round "07"]
[TimeControl "180+1"]
[Date "2022.03.22"]
[WhiteClock "0:00:24"]
[BlackClock "0:00:28"]

1. e4 d5 2. exd5 Qxd5 3. Nc3 Qa5 4. Nf3 Nf6 5. Bc4 Nc6 6. h3 Ne5 7. Nxe5 Qxe5+ 8. Qe2 Qxe2+ 9. Kxe2 Bd7 10. d3 e6 11. Be3 a6 12. f3 O-O-O 13. a3 Be7 14. Kf2 h6 15. Rhb1 Nh5 16. g4 Bh4+ 17. Kg2 Nf6 18. b4 Rhe8 19. b5 a5 20. b6 c6 21. Ne4 Nxe4 22. fxe4 f5 23. Rf1 Rf8 24. e5 Be7 25. a4 Kb8 26. c3 Bc8 27. d4 g5 28. Rab1 Rfe8 29. h4 gxh4 30. gxf5 exf5 31. Bxh6 Rg8+ 32. Bxg8 Rxg8+ 33. Kh2 Rg3 34. Rbc1 Be6 35. Bf4 Rd3 36. Rfd1 Rf3 37. Rf1 Rd3 38. Rg1 Kc8 39. Rg7 Kd8 40. Bg5 Bxg5 41. Rxg5 f4 42. Rf1 Rh3+ 43. Kg2 Rg3+ 44. Rxg3 fxg3 45. Kf3 Ke7 46. Rc1 Bb3 47. Kg4 g2 48. Kxh4 Bxa4 49. Kg3 Bb3 50. Kxg2 a4 51. Kf3 a3 52. Ke4 a2 53. Kd3 Bf7 54. Ra1 Bg6+ 55. Kc4 Bb1 56. Kb3 Ke6 57. Rxa2 1-0


[Site "https://www.chess.com"]

[Event "Titled Tuesday Blitz March 22 Late 2022"]
[White "Buchenau, Frank"]
[Black "Tregubov, Pavel V."]
[WhiteFideId "4604350"]
[BlackFideId "4115341"]
[WhiteElo "2193"]
[BlackElo "2341"]
[Result "0-1"]
[Round "07"]
[TimeControl "180+1"]
[Date "2022.03.22"]
[WhiteClock "0:00:07"]
[BlackClock "0:00:09"]

1. e4 e6 2. d4 d5 3. Nc3 Bb4 4. Bd3 dxe4 5. Bxe4 Nf6 6. Bf3 O-O 7. Ne2 Nbd7 8. O-O e5 9. Bg5 h6 10. Bh4 Re8 11. Ne4 g5 12. dxe5 Nxe4 13. Bxe4 gxh4 14. Nf4 Nxe5 15. Nd5 Bc5 16. b4 c6 17. bxc5 cxd5 18. Bxd5 Qc7 19. Qd4 Be6 20. c4 Rad8 21. Rad1 Ng6 22. f4 Bf5 23. Qf6 Qxc5+ 24. Kh1 Rxd5 25. Rxd5 Qxc4 26. Rdd1 Qe4 27. Rd4 Qe6 28. Qxe6 Rxe6 29. h3 Re2 30. a4 a5 31. Kg1 Be4 32. Rf2 Rxf2 33. Kxf2 Bc6 34. Rc4 Kg7 35. Ke3 Bxg2 36. Rc5 Bxh3 37. Rxa5 Bg2 38. Rb5 h3 39. Kf2 Bc6 40. Rb4 h2 41. Rb1 h1=Q 42. Rxh1 Bxh1 43. f5 Ne7 44. Ke3 Nxf5+ 45. Kf4 Kf6 46. a5 Bc6 0-1


[Site "https://www.chess.com"]

[Event "Titled Tuesday Blitz March 22 Late 2022"]
[White "Burke, Paul"]
[Black "Janturin, Artur"]
[WhiteFideId "2605767"]
[BlackFideId "4130022"]
[WhiteElo "1925"]
[BlackElo "2352"]
[Result "1/2-1/2"]
[Round "07"]
[TimeControl "180+1"]
[Date "2022.03.22"]
[WhiteClock "0:00:03"]
[BlackClock "0:00:22"]

1. e4 a6 2. d4 b5 3. a3 Bb7 4. Nc3 e6 5. Bd3 c5 6. d5 Nf6 7. Bg5 h6 8. Bxf6 Qxf6 9. Nf3 c4 10. e5 Qd8 11. Be4 Qb6 12. O-O Bc5 13. Qe2 O-O 14. dxe6 dxe6 15. Rad1 Nc6 16. Rd2 Rad8 17. Rfd1 Rxd2 18. Rxd2 Rd8 19. Rxd8+ Qxd8 20. h3 Qb6 21. Bxc6 Qxc6 22. Qd2 Qc7 23. Qe2 Be7 24. Ne4 Qc6 25. Nc3 g6 26. Qd2 Kg7 27. Qe3 Bc5 28. Qe2 Be7 29. Qd2 Qc7 30. Qe2 Bc6 31. Ne4 Qb7 32. Ned2 Bd5 33. c3 Bc6 34. Qe3 Qd7 35. Qf4 Qd5 36. Qd4 Bc5 37. Qxd5 Bxd5 38. Kf1 Kf8 39. Ke2 Ke7 40. Kf1 Bb7 41. Ke2 g5 42. Kf1 Be4 43. Nxe4 Bb6 44. Ke2 Bc7 45. Ned2 Bb6 46. Ne4 a5 47. Ned2 Bc7 48. Ne4 Bb6 49. Ned2 Bc7 50. Ne4 Bd8 51. Ned2 Bb6 52. Ne4 Ba7 53. Ned2 Bb6 54. Ne4 Ba7 55. Ned2 Bb6 1/2-1/2


[Site "https://www.chess.com"]

[Event "Titled Tuesday Blitz March 22 Late 2022"]
[White "Cappai, Davide"]
[Black "Iskusnyh, Sergei"]
[WhiteFideId "813338"]
[BlackFideId "4120027"]
[WhiteElo "2295"]
[BlackElo "2492"]
[Result "1-0"]
[Round "07"]
[TimeControl "180+1"]
[Date "2022.03.22"]
[WhiteClock "0:01:36"]
[BlackClock "0:00:15"]

1. b3 d5 2. Bb2 Bf5 3. f4 e6 4. Nf3 Nf6 5. g3 h6 6. Bg2 Be7 7. O-O O-O 8. d3 c5 9. Nbd2 Ng4 10. e4 Ne3 11. Qe2 Nxf1 12. Nxf1 dxe4 13. dxe4 Bh7 14. g4 Bf6 15. e5 Be7 16. Rd1 Qb6 17. c4 Nc6 18. Ng3 Rad8 19. f5 Rxd1+ 20. Qxd1 Rd8 21. Qe2 Nd4 22. Bxd4 cxd4 23. Qd3 Qa5 24. a4 Qc3 25. Bf1 a5 26. Be2 Qc1+ 27. Kg2 Qf4 28. h3 Qe3 29. Nf1 Qc1 30. Ng3 Qc3 31. Nf1 Bg5 32. Nxg5 hxg5 33. Ng3 Qc1 34. Bf3 b6 35. Nh5 Qf4 36. Nxf4 gxf4 37. Be4 Rc8 38. Kf3 Rc5 39. Kxf4 f6 40. fxe6 fxe5+ 41. Kg3 Rxc4 42. Bxh7+ Kh8 43. bxc4 e4 44. Qxe4 d3 45. Qxd3 b5 46. e7 g6 47. Qxg6 bxc4 48. e8=Q# 1-0


[Site "https://www.chess.com"]

[Event "Titled Tuesday Blitz March 22 Late 2022"]
[White "Celestino, Rafael Teixeira"]
[Black "Simonovic, Miroslav"]
[WhiteFideId "2108925"]
[BlackFideId "919152"]
[WhiteElo "2300"]
[BlackElo "2043"]
[Result "1-0"]
[Round "07"]
[TimeControl "180+1"]
[Date "2022.03.22"]
[WhiteClock "0:01:12"]
[BlackClock "0:00:47"]

1. e4 c5 2. Nf3 Nc6 3. Bc4 g6 4. d4 cxd4 5. Nxd4 Bg7 6. c3 d6 7. O-O Nf6 8. Re1 O-O 9. Nd2 e5 10. N4f3 h6 11. Nf1 Re8 12. Qc2 Be6 13. b3 Bxc4 14. bxc4 Rc8 15. Ne3 Na5 16. Qa4 Qc7 17. Nd2 Nd7 18. Ba3 Nb6 19. Qxa5 f5 20. exf5 gxf5 21. Nd5 Nxd5 22. Qxd5+ Kh8 23. Bxd6 Qc6 24. Bxe5 Qxd5 25. Bxg7+ Kxg7 26. cxd5 Rxe1+ 27. Rxe1 Rxc3 28. d6 Rd3 29. Nc4 b5 30. Ne3 Kf6 31. Rb1 f4 32. Ng4+ Kg5 33. Ne5 Rxd6 34. Nf7+ Kf6 35. Nxd6 1-0


[Site "https://www.chess.com"]

[Event "Titled Tuesday Blitz March 22 Late 2022"]
[White "Chigaev, Maksim"]
[Black "Jobava, Baadur"]
[WhiteFideId "4108116"]
[BlackFideId "13601520"]
[WhiteElo "2502"]
[BlackElo "2617"]
[Result "0-1"]
[Round "07"]
[TimeControl "180+1"]
[Date "2022.03.22"]
[WhiteClock "0:01:04"]
[BlackClock "0:01:41"]

1. e4 c6 2. Nf3 d5 3. d3 Bg4 4. h3 Bh5 5. g4 Bg6 6. h4 f6 7. h5 Bf7 8. e5 Nd7 9. d4 e6 10. c3 Nh6 11. Rg1 fxe5 12. dxe5 Bc5 13. Bd3 Qc7 14. Qe2 O-O-O 15. Nbd2 Rdf8 16. b4 Bb6 17. Nb3 Nxg4 18. Rxg4 Bxh5 19. Nfd4 Nxe5 20. f3 Nxf3+ 21. Nxf3 Bxg4 0-1


[Site "https://www.chess.com"]

[Event "Titled Tuesday Blitz March 22 Late 2022"]
[White "Curtis, John"]
[Black "Jaskolka, Tomasz"]
[WhiteFideId "3200256"]
[BlackFideId "1170791"]
[WhiteElo "2203"]
[BlackElo "2073"]
[Result "0-1"]
[Round "07"]
[TimeControl "180+1"]
[Date "2022.03.22"]
[WhiteClock "0:00:57"]
[BlackClock "0:00:53"]

1. e4 c5 2. Nf3 e6 3. d4 cxd4 4. Nxd4 Nc6 5. Nc3 Qc7 6. Nxc6 Qxc6 7. Bd3 a6 8. O-O d6 9. f4 Nf6 10. Kh1 h5 11. Qe1 Be7 12. e5 Ng4 13. Be4 d5 14. Bf3 b5 15. Qe2 Qc4 16. Bxg4 hxg4 17. Qxc4 dxc4 18. Be3 Bb7 19. Kg1 O-O-O 20. a3 Rh5 21. Bf2 Rdh8 22. Ne2 Rxh2 0-1


[Site "https://www.chess.com"]

[Event "Titled Tuesday Blitz March 22 Late 2022"]
[White "Daianu, Cristian-Clement"]
[Black "Winkels, Marcel"]
[WhiteFideId "1208926"]
[BlackFideId "1003887"]
[WhiteElo "2159"]
[BlackElo "1900"]
[Result "1-0"]
[Round "07"]
[TimeControl "180+1"]
[Date "2022.03.22"]
[WhiteClock "0:02:15"]
[BlackClock "0:01:49"]

1. d4 d5 2. Bf4 Nf6 3. Nc3 g6 4. e3 Bg7 5. Nf3 O-O 6. Bd3 c6 7. h4 Bg4 8. Qd2 Bxf3 9. gxf3 Nbd7 10. h5 Nxh5 11. Rxh5 gxh5 12. O-O-O Nf6 13. Be5 b5 14. e4 b4 15. Ne2 a5 16. Ng3 h4 17. Nf5 Nh5 18. Qg5 f6 19. Qxh5 fxe5 20. Rg1 Rf7 21. Nh6+ Kh8 22. Nxf7+ Kg8 23. Nxd8 Rxd8 24. Qxe5 1-0


[Site "https://www.chess.com"]

[Event "Titled Tuesday Blitz March 22 Late 2022"]
[White "Dardha, Daniel"]
[Black "Adewumi, Tanitoluwa"]
[WhiteFideId "240990"]
[BlackFideId "30966396"]
[WhiteElo "2482"]
[BlackElo "2540"]
[Result "1-0"]
[Round "07"]
[TimeControl "180+1"]
[Date "2022.03.22"]
[WhiteClock "0:00:19"]
[BlackClock "0:00:01"]

1. Nf3 d5 2. b3 Bg4 3. e3 Nd7 4. Bb2 c6 5. h3 Bh5 6. d3 f6 7. Be2 e5 8. Nbd2 Bd6 9. e4 Bf7 10. O-O Ne7 11. a3 O-O 12. d4 exd4 13. Bxd4 c5 14. Bb2 d4 15. Bc4 Nc6 16. Bxf7+ Rxf7 17. c3 dxc3 18. Bxc3 Nde5 19. Qe2 Qe7 20. Rfd1 a6 21. Nc4 Bc7 22. Nfxe5 Bxe5 23. Nxe5 Nxe5 24. Rd5 Ng6 25. Qe3 Re8 26. Re1 b6 27. Qg3 Qe6 28. Re3 Ne7 29. Rd6 Qxb3 30. Rxf6 Ng6 31. Rxf7 Qxf7 32. h4 Nf4 33. Qg4 h5 34. Qg5 Rf8 35. Rf3 Ne2+ 36. Kf1 Nf4 37. Rxf4 1-0


[Site "https://www.chess.com"]

[Event "Titled Tuesday Blitz March 22 Late 2022"]
[White "Deac, Bogdan-Daniel"]
[Black "Shimanov, Aleksandr"]
[WhiteFideId "1226380"]
[BlackFideId "4198603"]
[WhiteElo "2646"]
[BlackElo "2636"]
[Result "1/2-1/2"]
[Round "07"]
[TimeControl "180+1"]
[Date "2022.03.22"]
[WhiteClock "0:00:04"]
[BlackClock "0:00:04"]

1. d4 Nf6 2. Nf3 e6 3. c4 d5 4. Nc3 c5 5. cxd5 Nxd5 6. g3 cxd4 7. Nxd5 Qxd5 8. Qxd4 Qb5 9. e4 Qb4+ 10. Qxb4 Bxb4+ 11. Bd2 Bxd2+ 12. Kxd2 Nc6 13. Bb5 Bd7 14. Ke3 Ke7 15. Bxc6 Bxc6 16. Ne5 Rac8 17. Rhc1 Bd7 18. f4 f6 19. Nf3 Rhd8 20. g4 e5 21. fxe5 Bxg4 22. exf6+ gxf6 23. Nd4 Bd7 24. Rg1 Rg8 25. Rg3 Rg6 26. Rag1 Rcg8 27. Kf4 Kf7 28. Rc1 Rg4+ 29. Kf3 Rxg3+ 30. hxg3 Rc8 31. Rh1 Kg6 32. Ke3 Rc5 33. Kf4 Rc4 34. Ke3 Rc5 35. b3 Rc3+ 36. Kf4 Rd3 37. Nf5 h5 38. Ne7+ Kf7 39. Nd5 Kg6 40. Ne7+ Kf7 41. Nf5 Kg6 42. g4 hxg4 43. Rh6+ Kf7 44. Rh7+ Ke8 45. Rh8+ Kf7 46. Rd8 Bb5 47. Rb8 Bc6 48. Rc8 Ke6 49. Rc7 Rd7 50. Rc8 g3 51. Nxg3 Kd6 52. Rf8 Ke7 53. Rh8 Kd6 54. Nf5+ Kc5 55. Rh6 Rf7 56. Ne3 Kb4 57. Nd5+ Bxd5 58. exd5 Kc5 59. Ke4 Re7+ 60. Kd3 Kxd5 61. Rxf6 Rd7 62. Rf2 Kc5+ 63. Kc3 Kc6 1/2-1/2


[Site "https://www.chess.com"]

[Event "Titled Tuesday Blitz March 22 Late 2022"]
[White "Debray, Christopher"]
[Black "Vifleemskaia, Svetlana"]
[WhiteFideId "630810"]
[BlackFideId "4129490"]
[WhiteElo "2393"]
[BlackElo "1901"]
[Result "1-0"]
[Round "07"]
[TimeControl "180+1"]
[Date "2022.03.22"]
[WhiteClock "0:00:40"]
[BlackClock "0:00:42"]

1. c4 c5 2. g3 Nf6 3. Bg2 d5 4. cxd5 Nxd5 5. Nc3 Nc7 6. e3 e5 7. Nge2 Be7 8. d4 cxd4 9. exd4 exd4 10. Nxd4 O-O 11. O-O Bf6 12. Be3 Ne6 13. Ndb5 Qxd1 14. Rfxd1 Nc6 15. Nd6 Rd8 16. Nce4 Bxb2 17. Rab1 Be5 18. f4 Bd4 19. Nf5 Bxe3+ 20. Nxe3 Rxd1+ 21. Rxd1 Ned4 22. Nd6 Bg4 23. Nxg4 Rd8 24. Bxc6 Rxd6 25. Ba4 b5 26. Bb3 a5 27. Kf2 a4 28. Bc2 h5 29. Ne3 g6 30. Bb1 b4 31. Nc2 Nb5 32. Rxd6 Nxd6 33. Nxb4 1-0


[Site "https://www.chess.com"]

[Event "Titled Tuesday Blitz March 22 Late 2022"]
[White "Dias, Joao Batista"]
[Black "Thomas, Anysia"]
[WhiteFideId "2108240"]
[BlackFideId "670472"]
[WhiteElo "1898"]
[BlackElo "2002"]
[Result "0-1"]
[Round "07"]
[TimeControl "180+1"]
[Date "2022.03.22"]
[WhiteClock "0:02:28"]
[BlackClock "0:02:22"]

1. e4 c5 2. d4 cxd4 3. Nf3 Nc6 4. Nxd4 g6 5. Nxc6 bxc6 6. Qd4 Nf6 7. e5 Nd5 8. e6 f6 9. exd7+ Bxd7 10. c4 e5 11. Qh4 Nb4 12. Na3 Bg7 13. Bd2 a5 14. Be2 Bf5 15. O-O Qxd2 16. Bf3 O-O 17. Rfd1 Qxb2 0-1


[Site "https://www.chess.com"]